 Dungeon Crawl Stone Soup version 0.30.1 (webtiles) character file.

Game seed: 1288752790256220800

82 growler the Insei (level 4, -3/52 HPs)
             Began as a Draconian Transmuter on July 11, 2023.
             Slain by Natasha (7 damage)
             ... on level 2 of the Dungeon.
             The game lasted 00:05:14 (1492 turns).

growler the Insei (Draconian Transmuter)            Turns: 1492, Time: 00:05:15

Health: -3/52      AC: 22    Str: 12    XL:     4   Next: 21%
Magic:  8/8        EV:  2    Int: 14    God:
Gold:   65         SH:  0    Dex: 13    Spells: 2/8 levels left

rFire   . .          .
                       - Unarmed
rCold   . . .        (no shield)
rNeg    . . .        (body armour unavailable)
rPois   +            (helmet currently unavailable)
rElec   .            (cloak currently unavailable)
rCorr   .            (gloves currently unavailable)
SInv    .            (boots currently unavailable)
Will    .....        (no amulet)
Stlth   +            (no ring)
HPRegen 0.28/turn    (no ring)
MPRegen 0.11/turn

%: no passive effects
@: tree-form, slowed, very slow
A: stationary, stasis, torment immunity, boosted hp, AC +5, unfitting armour,
(cold-blooded)
a: no special abilities


You were on level 2 of the Dungeon.
You were a tree.
You visited 1 branch of the dungeon, and saw 2 of its levels.

You collected 65 gold pieces.

Inventory:

Scrolls
 c - 2 scrolls of blinking {unknown}
 d - 3 scrolls of identify {unknown}
 e - a scroll of teleportation {unknown}
 f - a scroll of enchant armour {unknown}
 h - a scroll of fog {unknown}
Potions
 b - a potion of ambrosia {unknown}
 g - 2 potions of heal wounds {unknown}
 i - a potion of resistance {unknown}
 j - a potion of berserk rage {unknown}


   Skills:
 - Level 1.1 Fighting
 - Level 1.7 Dodging
 + Level 3.8 Unarmed Combat
 + Level 2.9 Spellcasting
 + Level 3.0 Transmutations


You had 2 spell levels left.
You knew the following spells:

 Your Spells              Type           Power      Damage    Failure   Level
a - Beastly Appendage     Tmut           20%        N/A       6%          1
b - Wereblood             Tmut           10%        N/A       10%         2
c - Spider Form           Tmut/Pois      6%         N/A       34%         3

Your spell library contained the following spells:

 Spells                   Type           Power      Damage    Failure   Level
 Apportation              Tloc           4%         N/A       22%         1
 Necrotise                Necr           8%         1d4       22%         1
 Summon Small Mammal      Summ           8%         N/A       22%         1
 Ice Form                 Ice/Tmut       6%         N/A       75%         4


Dungeon Overview and Level Annotations

Branches:
Dungeon (2/15)

Altars:

Annotations:
D:2 Natasha


Innate Abilities, Weirdness & Mutations

You are a tree.
Your roots penetrate the ground, keeping you stationary.
You cannot be teleported.
You are immune to unholy pain and torment.
Your maximum health is greatly increased.
Your equipment is partially melded.
((Your plain brown scales are hard. (AC +5)))
You cannot fit into any form of body armour.
((You are cold-blooded and may be slowed by cold attacks.))


Message History

Natasha claws you.
The cerulean imp hits you from afar with a +0 spear.
You hit Natasha but do no damage.
You tail-slap Natasha, but do no damage.
Natasha casts a spell at you. The magic dart hits you.
The cerulean imp hits you but does no damage.
You closely miss Natasha. You claw Natasha. Your headbutt misses Natasha.
You tail-slap Natasha, but do no damage.
Natasha is lightly wounded.
Natasha claws you.
The cerulean imp hits you but does no damage.
You hit Natasha but do no damage. You claw Natasha.
Your headbutt misses Natasha.
Natasha is moderately wounded.
Natasha hisses.
Natasha claws you!
The cerulean imp hits you from afar with a +0 spear.
* * * LOW HITPOINT WARNING * * *
You completely miss Natasha. Your headbutt misses Natasha.
Natasha is moderately wounded.
Natasha claws you.
* * * LOW HITPOINT WARNING * * *
Unknown command.
Really quaff the potion of lignification?
Your horns disappear.
Your talons disappear.
You turn into a tree.
Your roots penetrate the ground.
The cerulean imp hits you from afar with a +0 spear.
* * * LOW HITPOINT WARNING * * *
Natasha stares at you and mumbles some strange words.
You feel yourself slow down.
You hit Natasha but do no damage.
Natasha is moderately wounded.
The cerulean imp hits you but does no damage.
Natasha claws you but does no damage.
The cerulean imp hits you but does no damage.
You smack Natasha!
Natasha is almost dead.
Natasha claws you!
You die...

#.#.........#
#.#..##......
#.#.<##......
#.#..##......
#.#..######.#
..#..#### #.#
########..)..# #.#
#.)).........# #.#
#♣#######....###.#
#h# #.....##.# ..5
##.......# .....
#...###.# #......
#...# ..# #.......
#...#.#..
#........
#...#.##.
#......... #...# #
#...#


You could see Natasha and a cerulean imp (summoned).

Vanquished Creatures
  Terence (D:2)
  Robin (D:2)
  2 dart slugs (D:1)
  4 bats
  3 endoplasms
  7 goblins
  9 hobgoblins
  3 jackals (D:1)
  2 ball pythons (D:1)
  A frilled lizard (D:1)
  4 kobolds
  A rat (D:1)
38 creatures vanquished.

Notes
Turn   | Place    | Note
-------+----------+-------------------------------------------
     0 | D:1      | growler the Draconian Transmuter began the quest for the
                  | Orb.
     0 | D:1      | Reached XP level 1. HP: 16/16 MP: 3/3
   382 | D:1      | Reached XP level 2. HP: 23/23 MP: 5/5
   385 | D:1      | Learned a level 2 spell: Wereblood
   492 | D:1      | Found a faded altar of an unknown god.
   963 | D:2      | Noticed Terence
  1017 | D:2      | Noticed Robin
  1035 | D:1      | Reached XP level 3. HP: 12/28 MP: 3/6
  1154 | D:2      | Learned a level 3 spell: Spider Form
  1195 | D:2      | Killed Terence
  1434 | D:2      | Killed Robin
  1435 | D:2      | Reached XP level 4. HP: 33/35 MP: 6/8
  1476 | D:2      | Noticed Natasha
  1492 | D:2      | Slain by Natasha

Illustrated notes

Levels and vault maps discovered:
D:1:      saegor_arrival_simple_d, layout_basic,
          shapermc_ecumenical_altar_mp_highgroup, serial_glass, glass_columns_a,
          glass_columns_a, glass_columns_a, glass_columns_b, glass_columns_a,
          glass_columns_a, glass_columns_a, glass_columns_c, glass_columns_c,
          glass_columns_c
D:2:      layout_basic, uniq_terence, uniq_robin, uniq_natasha

Skill      XL: |  1  2  3 |
---------------+----------+-----
Transmutations | 3 |  3.0
Fighting       | |  1.1
Dodging        | |  1.7
Unarmed Combat | |  3.8
Spellcasting   | |  2.9

Action                     |  1- 3 |  4- 6 || total
---------------------------+-------+-------++-------
  Melee: Unarmed           |    91 |    32 ||   123
         Kick              |    11 |     2 ||    13
         Headbutt          |     9 |       ||     9
         Tailslap          |     9 |     5 ||    14
         Punch             |     4 |     2 ||     6
   Cast: Beastly Appendage |    12 |     1 ||    13
         Wereblood         |     2 |       ||     2
         Spider Form       |     1 |       ||     1
    Use: Potion            |       |     1 ||     1
 Armour: Skin              |    33 |    11 ||    44
  Dodge: Dodged            |    47 |    14 ||    61
